 Dungeon Sprint DCSS version 0.28-a0-828-g0121872642 (webtiles) character file.

Game seed: 16177457784012256512

1500000 ytrimaz the Slayer (level 14, -67/151 HPs)
             Began as a Demigod Fighter on Nov 10, 2021.
             Annihilated by a meat berserker (88 damage)
             ... in the Dungeon (Sprint VIII: "Arena of Blood").
             The game lasted 00:00:30 (15 turns).

ytrimaz the Slayer (Demigod Fighter)                  Turns: 15, Time: 00:00:30

Health: -67/151    AC: 11    Str: 33    XL:     14   Next: 2%
Magic:  17/17      EV: 10    Int: 10    God:
Gold:   0          SH:  0    Dex: 13    Spells: 13/13 levels left

rFire   . . .      SeeInvis .   j - +∞ Axe of Woe
rCold   . . .      Faith    .   (shield currently unavailable)
rNeg    . . .      Spirit   .   a - +0 scale mail
rPois   .          Reflect  .   (no helmet)
rElec   .          Harm     .   (no cloak)
rCorr   .          Rampage  .   (no gloves)
Will    +....      NoTele   +   (no boots)
Stlth   ..........              (no amulet)
HPRegen 0.35/turn               (no ring)
MPRegen 0.15/turn               (no ring)

@: no status effects
A: high mp 1, forlorn
a: no special abilities


You were in the Dungeon.
You visited 1 branch

Inventory:

Hand Weapons
 j - the +∞ Axe of Woe (weapon)
   (You found it in the Dungeon)
Armour
 a - a +0 scale mail (worn)
 b - a +0 buckler
Scrolls
 i - a scroll of blinking
Potions
 c - a potion of might
 d - a potion of curing
 e - a potion of heal wounds
 f - a potion of haste
 g - 2 potions of magic
 h - a potion of berserk rage


   Skills:
 + Level 21.1 Fighting
 + Level 10.6 Axes
 + Level 20.1 Armour
 + Level 19.8 Shields
 + Level 10.5 Unarmed Combat


You had 13 spell levels left.
You didn't know any spells.
Your spell library was empty.

Dungeon Overview and Level Annotations

Branches:
Dungeon (1/1)


Innate Abilities, Weirdness & Mutations

Your attributes grow dramatically as you level up.
You have an increased reservoir of magic. (+10% MP)
You shall have no god before yourself.


Message History

You hear a shout!
Your Fighting skill gained 4 levels and is now at level 21!
Your Axes skill gained 6 levels and is now at level 10!
Your Armour skill gained 4 levels and is now at level 20!
Your Shields skill gained 3 levels and is now at level 19!
Your Unarmed Combat skill increases to level 10!
You have reached level 13!
You have reached level 14!
Unknown command.
A meat berserker comes into view. It is wielding a +9 battleaxe.
The bag of meat shouts!
The meat berserker shouts!
You hear a shout! x7
The meat berserker moves out of view.
Things that are here:
a +9 war axe; a +30 ring of slaying You hear a shout! x5
A bag of meat comes into view. It is wielding a +9 war axe.
You hear a shout! x4
There is a burning altar of Makhleb here.
You hear a shout! x4
A bag of meat comes into view. It is wielding a +9 war axe.
You hear a shout! x2
A being of your status worships no god. A being of your status worships no god.
A being of your status worships no god. A being of your status worships no god.
A being of your status worships no god.
You hear a shout! x7
The meat berserker rages.
You hear a shout! x3
Unknown command.
You hear a shout! x2
A meat berserker comes into view. It is wielding a +9 battleaxe.
You hear a shout! x6
Unknown command.
You slice the meat berserker!!
You butcher the meat berserker messily.
You kill the meat berserker!
You hear a shout! x4
The meat berserker hits you with a +9 battleaxe!!!!
Ouch! That really hurt!
You die...

..........
...........
......... #.....
.# . #.... ..#
...###... ..###.
...O....###......
#......@O_.......
......#o.)..#....
..... #_)<)_# .
.... #..)o.# #..
....._.....
........###o.....
. .###... o.###.
#... ..# #.. ..#


You could see 2 meat berserkers and 4 bags of meat.

Vanquished Creatures
  3 ogres (D)
  4 orcs (D)
7 creatures vanquished.

Notes
Turn   | Place    | Note
-------+----------+-------------------------------------------
     0 | D        | Found the +∞ Axe of Woe
     0 | D        | ytrimaz the Demigod Fighter began the quest for the Orb.
     0 | D        | Reached XP level 1. HP: 18/18 MP: 3/3
     1 | D        | Noticed a bag of meat
     2 | D        | Noticed a bag of meat
     2 | D        | Noticed a bag of meat
     3 | D        | Noticed a bag of meat
     3 | D        | Noticed a bag of meat
     4 | D        | Noticed a meat berserker
     5 | D        | Noticed a meat berserker
     7 | D        | Killed a meat berserker
     8 | D        | Reached skill level 15 in Fighting
     8 | D        | Reached skill level 15 in Armour
     8 | D        | Reached skill level 15 in Shields
     8 | D        | Reached XP level 2. HP: 49/49 MP: 4/4
     8 | D        | Reached XP level 3. HP: 56/56 MP: 5/5
     8 | D        | Reached XP level 4. HP: 63/63 MP: 6/6
     8 | D        | Reached XP level 5. HP: 70/70 MP: 7/7
     8 | D        | Reached XP level 6. HP: 78/78 MP: 8/8
     8 | D        | Reached XP level 7. HP: 84/84 MP: 9/9
     8 | D        | Reached XP level 8. HP: 93/93 MP: 10/10
     8 | D        | Reached XP level 9. HP: 100/100 MP: 11/11
     8 | D        | Reached XP level 10. HP: 107/107 MP: 13/13
     8 | D        | Reached XP level 11. HP: 114/114 MP: 14/14
     8 | D        | Killed a bag of meat
     8 | D        | Noticed a bag of meat
     9 | D        | Reached skill level 17 in Fighting
     9 | D        | Reached XP level 12. HP: 15/125 MP: 15/15
     9 | D        | Killed a meat berserker
     9 | D        | Killed a bag of meat
     9 | D        | Killed a bag of meat
     9 | D        | Killed a bag of meat
     9 | D        | Noticed a bag of meat
     9 | D        | Noticed a meat berserker
    10 | D        | Reached skill level 21 in Fighting
    10 | D        | Reached skill level 10 in Axes
    10 | D        | Reached skill level 10 in Unarmed Combat
    10 | D        | Reached XP level 13. HP: 17/143 MP: 16/16
    10 | D        | Reached XP level 14. HP: 18/151 MP: 17/17
    10 | D        | Noticed a meat berserker
    14 | D        | Noticed a meat berserker
    15 | D        | Killed a meat berserker
    15 | D        | Annihilated by a meat berserker

Illustrated notes

Levels and vault maps discovered:
D:        meatsprint

Skill      XL: |  1  2  3  4  5  6  7  8  9 10 11 12 |
---------------+-------------------------------------+-----
Fighting       | 15 17 21 | 21.1
Axes           | 3 4 10 | 10.6
Armour         | 15 16 20 | 20.1
Shields        | 15 16 19 | 19.8
Unarmed Combat | 8 9 10 | 10.5

Action                   |  1- 3 |  4- 6 |  7- 9 | 10-12 | 13-15 || total
-------------------------+-------+-------+-------+-------+-------++-------
Melee: Executioner's axe |     1 |       |       |     2 |     1 ||     4

Table legend: (Time is in decaauts)
 A = Elapsed time spent in this place.
 B = Non-inter-level travel time spent in this place.
 C = Inter-level travel time spent in this place.
 D = Time resting spent in this place.
 E = Time spent auto-exploring this place.
 F = Levels seen in this place.
 G = Mean time per level.
                   A        B        C        D        E       F      G
               +--------+--------+--------+--------+--------+-----+--------+
         Total |     16 |     16 |      0 |      0 |      0 |   1 |   16.0 |
       Dungeon |     16 |     16 |      0 |      0 |      0 |   1 |   16.0 |
               +--------+--------+--------+--------+--------+-----+--------+

Top non-repeatable levels by time:
       D: 16 daAuts
